 Dungeon Crawl Stone Soup version 0.31.0-1-g2c135a008e (webtiles) character file.

Game seed: 12763663751475647966

102 qw the Shooter (level 5, -2/40 HPs)
             Began as a Djinni Hunter on Jan 24, 2024.
             Slain by Robin
             ... wielding a +0 trident
              (4 damage)
             ... on level 3 of the Dungeon.
             The game lasted 00:00:07 (1785 turns).

qw the Shooter (Djinni Hunter)                      Turns: 1785, Time: 00:00:07

Health: -2/40      AC:  5    Str: 10    XL:     5   Next: 6%
Gold:   49         EV: 11    Int: 11    God:
                   SH:  0    Dex: 18

rFire   + + .        a - +2 shortbow
rCold   x . .        (shield currently unavailable)
rNeg    . . .        g - +0 ring mail
rPois   inf          (no helmet)
rElec   .            (no cloak)
rCorr   .            (no gloves)
SInv    .            (boots unavailable)
Will    .....        (no amulet)
Stlth   +            (no ring)
HPRegen 0.26/turn    (no ring)
MPRegen 0.00/turn

%: infuse magic (-3 HP)
@: flying
A: sickness immunity, fire resistance 2, cold vulnerability 1, float, innate
caster, HP casting, extra vitality 1
a: no special abilities


You were on level 3 of the Dungeon.
You visited 1 branch of the dungeon, and saw 3 of its levels.

You collected 49 gold pieces.


Innate Abilities, Weirdness & Mutations

You are immune to sickness and miasma.
You are immune to poison.
Your flesh is very heat resistant. (rF++)
You are vulnerable to cold. (rC-)
You float through the air rather than walking.
You learn spells naturally, not from books.
Your magical power is your life essence.
You have superior vitality. (+4 MHP)


   Skills:
 - Level 3.1 Fighting
 + Level 4.1 Ranged Weapons
 - Level 1.0 Armour
 - Level 2.9 Dodging
 - Level 0.7 Stealth


You knew the following spells:

 Your Spells              Type           Power      Damage    Failure   Level
a - Kiss of Death         Conj/Necr      0%         2d5       65%         1
b - Blink                 Tloc           0%         N/A       80%         2
Your spell library was empty.

Inventory:

Hand Weapons
 a - a +2 shortbow (weapon)
Armour
 g - a +0 ring mail (worn)
Potions
 i - 2 potions of curing
 j - a potion of lignification {unknown}

Dungeon Overview and Level Annotations

Branches:
Dungeon (3/15)

Altars:

Annotations:
D:3 Robin


Message History

The goblin closely misses you. The goblin barely misses you.
Robin barely misses you. The goblin hits you but does no damage.
The goblin barely misses you. The goblin hits you with a +0 dagger.
The hobgoblin hits you. The goblin hits you but does no damage.
1780 ||| DRINKING potion of heal wounds.
You feel much better. The goblin hits you with a +0 dagger.
The goblin closely misses you. The goblin hits you but does no damage.
Robin barely misses you. The goblin closely misses you. The hobgoblin hits you.
You shoot an arrow. The arrow hits the hobgoblin.
You kill the hobgoblin!
Robin throws the goblin at you! The goblin hits you with a +0 dagger.
The goblin barely misses you. The goblin hits you but does no damage.
The goblin closely misses you. The goblin hits you but does no damage.
You shoot an arrow. The arrow barely misses the goblin.
The goblin no longer looks unusually strong.
The hobgoblin no longer looks unusually strong.
Robin hits you from afar with a +0 trident.
The goblin hits you but does no damage. The goblin closely misses you.
The goblin barely misses you. The goblin hits you with a +0 dagger.
The goblin barely misses you.
You shoot an arrow. The arrow hits the goblin.
The goblin is severely wounded.
Robin roars a battlecry!
The goblins go into a battle-frenzy!
The goblin hits you but does no damage. x2; The goblin hits you with a +0 club.
The goblin hits you with a +0 dagger. x2; Robin barely misses you.
The goblin completely misses you. The goblin closely misses you.
The goblin barely misses you. The goblin hits you but does no damage.
The goblin hits you with a +0 dagger.
You shoot an arrow. The arrow barely misses the goblin.
The goblin barely misses you. The goblin hits you with a +0 dagger.
Robin misses you. The goblin hits you but does no damage.
The goblin misses you. The goblin completely misses you.
You shoot an arrow. The arrow hits the goblin!
You kill the goblin!
The goblin hits you but does no damage.
Robin hits you from afar with a +0 trident.
You die...
Robin calls out, "Let's celebrate!
Time for a feast!"

...... #.< ....).
.. ......)####.#
............
>..........
.....gg..###
#...#gg)..#.. ...
#.#.#g@# .#.##
..#
.##....g###.....
..#
................
..#
................
..#
................
...
................
...
.#..###..........
... <...#
#.#.......# ....
....####.##.....#


You could see Robin, a hobgoblin (strong) and 4 goblins.

Vanquished Creatures
  3 adders
  A dart slug (D:2)
  8 bats
  6 endoplasms
  2 giant cockroaches
  10 goblins
  9 hobgoblins
  4 jackals (D:1)
  6 kobolds
  A quokka (D:1)
  8 ball pythons
  4 frilled lizards
  6 rats
68 creatures vanquished.

Notes
Turn   | Place    | Note
-------+----------+-------------------------------------------
     0 | D:1      | qw the Djinni Hunter began the quest for the Orb.
     0 | D:1      | Reached XP level 1. HP: 18/18 MP: 0/0
     0 | D:1      | 0 ||| qw: Version: 0.3-a-136-gdd3b4e8
     0 | D:1      | 0 ||| qw: Game counter: 1299
     0 | D:1      | 0 ||| qw: Melee chars always use a shield: true
     0 | D:1      | 0 ||| qw: God list: Okawaru
     0 | D:1      | 0 ||| qw: Allow faded altars: false
     0 | D:1      | 0 ||| qw: Do Orc after clearing Dungeon:15 true
     0 | D:1      | 0 ||| qw: Do second Lair branch before Depths: true
     0 | D:1      | 0 ||| qw: Lair rune preference: random
     0 | D:1      | 0 ||| qw: Goals: Normal
     0 | D:1      | 0 ||| PLANNING D:1-11
   151 | D:1      | Reached XP level 2. HP: 23/23 MP: 0/0
   318 | D:1      | Reached XP level 3. HP: 28/28 MP: 0/0
   318 | D:1      | Learned a level 1 spell: Kiss of Death
   321 | D:1      | Reached skill level 4 in Ranged Weapons
  1006 | D:1      | 1006 ||| READING 2 scrolls labelled KEISMEPIEPP.
  1007 | D:1      | 1007 ||| READING 3 scrolls labelled GUITTI XYSEY.
  1007 | D:1      | 1007 ||| IDENTIFYING viscous golden potion
  1008 | D:1      | 1008 ||| READING 2 scrolls of identify.
  1008 | D:1      | 1008 ||| IDENTIFYING ruby potion
  1009 | D:1      | 1009 ||| READING scroll of identify.
  1009 | D:1      | 1009 ||| IDENTIFYING scroll labelled QELEKESAOM
  1010 | D:1      | 1010 ||| READING scroll labelled WEUTSUWNEXUJ.
  1015 | D:1      | 1015 ||| DROPPING scroll of butterflies.
  1016 | D:1      | 1016 ||| DROPPING scroll of revelation.
  1017 | D:1      | 1017 ||| DROPPING potion of attraction.
  1018 | D:1      | 1018 ||| DROPPING scroll of vulnerability.
  1107 | D:2      | Reached skill level 3 in Fighting
  1107 | D:2      | Reached XP level 4. HP: 35/35 MP: 0/0
  1640 | D:2      | 1640 ||| UPGRADING to +0 ring mail.
  1650 | D:2      | 1650 ||| DROPPING +0 leather armour.
  1651 | D:2      | 1651 ||| READING scroll of identify.
  1651 | D:2      | 1651 ||| IDENTIFYING viscous orange potion
  1652 | D:2      | 1652 ||| READING scroll labelled TYASTID GELLU.
  1653 | D:2      | 1653 ||| READING 2 scrolls labelled FETAGH GOMMETI.
  1653 | D:2      | 1653 ||| ENCHANTING +0 shortbow.
  1654 | D:2      | 1654 ||| READING scroll of enchant weapon.
  1654 | D:2      | 1654 ||| ENCHANTING +1 shortbow.
  1655 | D:2      | 1655 ||| DRINKING 2 murky emerald potions.
  1656 | D:2      | 1656 ||| DROPPING potion of brilliance.
  1669 | D:3      | 1669 ||| PLANNING SEWER
  1747 | D:3      | Reached skill level 1 in Armour
  1771 | D:3      | Noticed Robin
  1772 | D:3      | Reached XP level 5. HP: 40/40 MP: 0/0
  1772 | D:3      | Learned a level 2 spell: Blink
  1779 | D:3      | HP: 10/40 [Robin/+0 trident (2)]
  1779 | D:3      | HP: 4/40 [goblin/+0 dagger[Robin] (5)]
  1780 | D:3      | 1780 ||| DRINKING potion of heal wounds.
  1784 | D:3      | HP: 1/40 [goblin/+0 dagger[Robin] (4)]
  1785 | D:3      | Slain by Robin

Levels and vault maps discovered:
D:1:      minmay_arrival_statue_studded, layout_basic,
          dreamdust_mushroom_princess
D:2:      layout_basic
D:3:      layout_rooms, grunt_temple_overflow_cloverleaf, portal_sewer_entry_d,
          chequers_hall_statues_y, minmay_misc_feat_cross, uniq_natasha,
          uniq_sigmund, uniq_robin

Skill      XL: |  1  2  3  4 |
---------------+-------------+-----
Ranged Weapons | 4 |  4.1
Fighting       | 3 |  3.1
Armour         | 1 |  1.0
Dodging        | |  2.9
Stealth        | |  0.7

Action                     |  1- 3 |  4- 6 || total
---------------------------+-------+-------++-------
   Fire: Shortbow          |   117 |    76 ||   193
    Use: Scroll            |     5 |     4 ||     9
         Potion            |       |     2 ||     2
 Armour: Leather armour    |    36 |     8 ||    44
         Ring mail         |       |    49 ||    49
  Dodge: Dodged            |    60 |    46 ||   106

Table legend:
 A = Non-vault XP
 B = Vault XP
 C = Vault XP percentage of total XP
 D = Non-vault monster count
 E = Vault monster count
 F = Vault count percentage of total count
                 A         B        C        D         E       F
            +---------+---------+-------+---------+---------+-------
      Total |     121 |      28 |  18.8 |      60 |       8 |  11.8
            +---------+---------+-------+---------+---------+-------
        D:1 |      55 |       0 |   0.0 |      34 |       0 |   0.0
        D:2 |      57 |       0 |   0.0 |      19 |       0 |   0.0
        D:3 |       9 |      28 |  75.7 |       7 |       8 |  53.3
            +---------+---------+-------+---------+---------+-------
